Bruins vs Maple Leafs
Created - 4 décembre 2016 at 19:05
Goals
|
Bruins |
1 |
0 |
0 |
1 |
Maple Leafs |
3 |
0 |
0 |
3 |
|
Shots
|
Bruins |
2 |
8 |
3 |
13 |
Maple Leafs |
16 |
8 |
4 |
28 |
|
1st period
1. Maple Leafs , Jordan Staal 2 (Justin Schultz, Marc-André Fleury) at 0:45
2. Maple Leafs , Blake Comeau 5 (Justin Abdelkader, Jamie McBain) at 7:32
3. Maple Leafs , Byron Bitz 6 (Tobias Enstrom, Jordan Staal) at 13:08 (PP)
4. Bruins , Wojtek Wolski 12 (Victor Oreskovich, Henrik Sedin) at 14:08
Penalties :
Andrew Alberts (Bos) for Tripping (Minor) at 12:32
2nd period
No Goal
Penalties :
Marc-Édouard Vlasic (Tor) for Interference (Minor) at 3:51, Henrik Sedin (Bos) for Interference (Minor) at 10:09, Henrik Sedin (Bos) for Interference (Minor) at 19:42
3rd period
No Goal
Penalties :
Justin Schultz (Tor) for Slashing (Minor) at 8:56
Goalie Stats
Roberto Luongo (Bos), 25 saves from 28 shots - (0,893), L, 8-7-0, 60:00 minutes
Marc-André Fleury (Tor), 12 saves from 13 shots - (0,923), W, 8-5-5, 60:00 minutes
Players Stats for Bruins
Player Name G A P +/- PIM S H SB GA TA FO MP PP MP PK MP
------------------------------------------------------------------------------------
Andrew Alberts 0 0 0 0 2 0 0 0 1 0 0/0 22:43 2:18 2:43
Curtis Glencross 0 0 0 0 0 0 0 0 0 0 1/1 7:29 0:00 1:44
Dainius Zubrus 0 0 0 0 0 2 0 0 0 1 0/0 18:09 1:50 0:00
Dave Bolland 0 0 0 -2 0 0 0 0 0 0 0/3 15:46 0:00 0:39
Daymond Langkow 0 0 0 0 0 1 2 0 1 0 8/9 17:44 1:50 0:00
Erik Condra 0 0 0 -2 0 0 3 1 0 0 0/0 14:19 0:00 0:00
Henrik Sedin 0 1 1 1 4 1 1 0 0 1 10/19 21:35 2:08 0:31
Jason Demers 0 0 0 0 0 0 2 1 0 1 0/0 25:48 2:18 3:19
Justin Falk 0 0 0 0 0 0 1 0 0 0 0/0 3:45 0:00 0:00
Keaton Ellerby 0 0 0 1 0 0 3 1 0 0 0/0 16:10 0:00 0:36
Kris Chucko 0 0 0 0 0 0 0 0 0 0 0/0 3:40 0:00 0:33
Mark Stuart 0 0 0 -2 0 0 0 1 0 1 0/0 18:26 1:40 1:15
Matt Cooke 0 0 0 0 0 0 3 1 0 0 0/2 17:53 1:50 0:10
Nate Prosser 0 0 0 1 0 0 1 1 0 0 0/0 14:41 0:00 0:00
Ryan O'Byrne 0 0 0 -2 0 0 2 0 0 1 0/0 18:26 1:40 1:15
Victor Oreskovich 0 1 1 1 0 2 1 1 0 1 0/0 17:56 2:08 0:10
Viktor Stalberg 0 0 0 -2 0 2 1 0 1 0 0/0 17:16 0:00 2:16
Wojtek Wolski 1 0 1 1 0 5 2 1 0 2 3/7 23:37 2:08 3:05
Players Stats for Maple Leafs
Player Name G A P +/- PIM S H SB GA TA FO MP PP MP PK MP
------------------------------------------------------------------------------------
Alexander Frolov 0 0 0 0 0 0 2 0 1 1 1/1 22:32 2:45 1:21
Blake Comeau 1 0 1 2 0 2 3 0 0 0 0/0 14:32 0:00 0:00
Braydon Coburn 0 0 0 1 0 1 0 2 1 0 0/0 19:54 0:58 2:20
Byron Bitz 1 0 1 -1 0 4 1 0 1 0 0/0 19:39 1:49 1:12
Claude Giroux 0 0 0 0 0 2 2 0 3 0 0/2 20:07 2:45 2:09
Colby Armstrong 0 0 0 0 0 0 2 0 0 0 0/0 6:42 0:00 0:00
Evgeni Malkin 0 0 0 0 0 1 1 0 0 0 6/17 19:14 2:45 1:05
Fabian Brunnstrom 0 0 0 -1 0 2 0 0 0 0 0/0 17:34 1:49 0:00
Jamie McBain 0 1 1 1 0 1 1 0 0 0 0/0 16:50 0:00 1:38
John Klingberg 0 0 0 1 0 2 0 0 0 0 0/0 16:54 1:28 0:00
Jordan Staal 1 1 2 -1 0 3 0 0 0 1 6/13 19:38 1:49 2:09
Justin Abdelkader 0 1 1 2 0 5 3 0 0 0 0/0 14:29 0:00 0:00
Justin Schultz 0 1 1 1 2 1 0 0 0 0 0/0 14:48 0:00 0:00
Marc-Édouard Vlasic 0 0 0 -1 2 1 1 1 0 0 0/0 19:39 3:36 0:00
Rob Schremp 0 0 0 2 0 2 0 0 1 1 5/7 14:08 0:00 0:00
Taylor Chorney 0 0 0 0 0 0 2 0 0 0 0/0 8:00 0:00 2:20
Tobias Enstrom 0 1 1 -1 0 1 3 1 1 0 0/0 25:02 3:06 1:38
Zac Dalpe 0 0 0 0 0 0 0 0 0 0 1/1 6:18 0:00 0:00
3 Stars
1 - Blake Comeau (Tor)
2 - Wojtek Wolski (Bos)
3 - Justin Abdelkader (Tor)
Power Play
Bruins - 0 on 2 Attempt(s) - 0,00%
Maple Leafs - 1 on 3 Attempt(s) - 33,33%
Penalty Kill
Bruins - 2 on 3 Attempt(s) - 66,67%
- Score 0 goal in Penalty Kill
Maple Leafs - 2 on 2 Attempt(s) - 100,00%
- Score 0 goal in Penalty Kill
Team Stat
Bruins - Hits : 22 - Faceoff Wins : 22 - Blocked Shots : 8 - Penalty Minutes : 6
Maple Leafs - Hits : 21 - Faceoff Wins : 19 - Blocked Shots : 4 - Penalty Minutes : 4
Official
Referees : Devorski Paul and Kozari Steve
Linesman : Brad Kovachik and Michel Cormier
Game Notes
No Game Note
Finance
Level 1 -- Attendance: 4149 (69,15%) -- Ticket Income 414 900 $
Level 2 -- Attendance: 3149 (62,98%) -- Ticket Income 204 685 $
Level 3 -- Attendance: 1295 (64,75%) -- Ticket Income 54 390 $
Level 4 -- Attendance: 2331 (58,28%) -- Ticket Income 69 930 $
Luxury Box -- Attendance: 727 (72,70%) -- Ticket Income 134 495 $
Game was played at the Maple Leafs Garden.
Total Attendance: 11651 (64,73%)
Total Ticket Income: 878 400 $
Other Income: 131 760 $
Total Income: 1 010 160 $
Bruins
5 vs 5 Forward
Center Left Wing Right Wing Time % Phy DF OF
1 Henrik Sedin Wojtek Wolski Victor Oreskovich 40 1 2 2
2 Daymond Langkow Matt Cooke Dainius Zubrus 30 1 2 2
3 Dave Bolland Viktor Stalberg Erik Condra 20 1 2 2
4 Wojtek Wolski Curtis Glencross Henrik Sedin 10 1 2 2
5 vs 5 Defense
Defense Defense Time % Phy DF OF
1 Jason Demers Andrew Alberts 40 1 2 2
2 Ryan O'Byrne Mark Stuart 30 1 2 2
3 Nate Prosser Keaton Ellerby 20 1 2 2
4 Justin Falk Jason Demers 10 1 2 2
PowerPlay Forward
Center Left Wing Right Wing Time % Phy DF OF
1 Henrik Sedin Wojtek Wolski Victor Oreskovich 60 1 2 2
2 Daymond Langkow Matt Cooke Dainius Zubrus 40 1 2 2
PowerPlay Defense
Defense Defense Time % Phy DF OF
1 Jason Demers Andrew Alberts 60 1 2 2
2 Ryan O'Byrne Mark Stuart 40 1 2 2
Penalty Kill 4 Players Forward
Center Wing Time % Phy DF OF
1 Wojtek Wolski Henrik Sedin 60 1 2 2
2 Victor Oreskovich Matt Cooke 40 1 2 2
Penalty Kill 4 Players Defense
Defense Defense Time % Phy DF OF
1 Jason Demers Andrew Alberts 60 1 2 2
2 Ryan O'Byrne Mark Stuart 40 1 2 2
Penalty Kill - 3 Players Forward
Forward Time % Phy DF OF
1 Wojtek Wolski 60 1 2 2
2 Henrik Sedin 40 1 2 2
Penalty Kill - 3 Players Defense
Defense Defense Time % Phy DF OF
1 Jason Demers Andrew Alberts 60 1 2 2
2 Ryan O'Byrne Mark Stuart 40 1 2 2
4 vs 4 Forward
Center Wing Time % Phy DF OF
1 Wojtek Wolski Henrik Sedin 60 1 2 2
2 Victor Oreskovich Matt Cooke 40 1 2 2
4 vs 4 Defense
Defense Defense Time % Phy DF OF
1 Jason Demers Andrew Alberts 60 1 2 2
2 Ryan O'Byrne Mark Stuart 40 1 2 2
Last Minutes Offensive
Center Left Wing Right Wing Defense Defense
Henrik Sedin Wojtek Wolski Victor Oreskovich Jason Demers Andrew Alberts
Last Minutes Defensive
Center Left Wing Right Wing Defense Defense
Henrik Sedin Wojtek Wolski Victor Oreskovich Jason Demers Andrew Alberts
Goaltenders
Starting : Roberto Luongo
Backup : Karri Ramo
Extra Forwards
Normal : Kris Chucko, Dave Bolland, Viktor Stalberg - PP : Kris Chucko, Dave Bolland - PK : Viktor Stalberg
Extra Defensemen
Normal : Nate Prosser, Keaton Ellerby, Justin Falk - PP : Nate Prosser - PK : Keaton Ellerby, Justin Falk
Penalty Shots
Wojtek Wolski, Henrik Sedin, Victor Oreskovich, Matt Cooke, Daymond Langkow
Maple Leafs
5 vs 5 Forward
Center Left Wing Right Wing Time % Phy DF OF
1 Evgeni Malkin Alexander Frolov Claude Giroux 40 1 2 2
2 Jordan Staal Fabian Brunnstrom Byron Bitz 30 1 2 2
3 Rob Schremp Justin Abdelkader Blake Comeau 20 1 2 2
4 Zac Dalpe Alexander Frolov Colby Armstrong 10 1 2 2
5 vs 5 Defense
Defense Defense Time % Phy DF OF
1 Tobias Enstrom Marc-Édouard Vlasic 40 1 2 2
2 Braydon Coburn Justin Schultz 30 1 2 2
3 Jamie McBain John Klingberg 20 1 2 2
4 Tobias Enstrom Taylor Chorney 10 1 2 2
PowerPlay Forward
Center Left Wing Right Wing Time % Phy DF OF
1 Evgeni Malkin Alexander Frolov Claude Giroux 60 1 2 2
2 Jordan Staal Fabian Brunnstrom Byron Bitz 40 1 2 2
PowerPlay Defense
Defense Defense Time % Phy DF OF
1 Tobias Enstrom Marc-Édouard Vlasic 60 1 2 2
2 John Klingberg Marc-Édouard Vlasic 40 1 2 2
Penalty Kill 4 Players Forward
Center Wing Time % Phy DF OF
1 Jordan Staal Claude Giroux 60 1 2 2
2 Evgeni Malkin Byron Bitz 40 1 2 2
Penalty Kill 4 Players Defense
Defense Defense Time % Phy DF OF
1 Braydon Coburn Taylor Chorney 60 1 2 2
2 Jamie McBain Tobias Enstrom 40 1 2 2
Penalty Kill - 3 Players Forward
Forward Time % Phy DF OF
1 Claude Giroux 60 1 2 2
2 Evgeni Malkin 40 1 2 2
Penalty Kill - 3 Players Defense
Defense Defense Time % Phy DF OF
1 Braydon Coburn Taylor Chorney 60 1 2 2
2 Jamie McBain Tobias Enstrom 40 1 2 2
4 vs 4 Forward
Center Wing Time % Phy DF OF
1 Evgeni Malkin Claude Giroux 60 1 2 2
2 Jordan Staal Byron Bitz 40 1 2 2
4 vs 4 Defense
Defense Defense Time % Phy DF OF
1 Tobias Enstrom Marc-Édouard Vlasic 60 1 2 2
2 Braydon Coburn Marc-Édouard Vlasic 40 1 2 2
Last Minutes Offensive
Center Left Wing Right Wing Defense Defense
Evgeni Malkin Alexander Frolov Claude Giroux Tobias Enstrom Marc-Édouard Vlasic
Last Minutes Defensive
Center Left Wing Right Wing Defense Defense
Jordan Staal Alexander Frolov Claude Giroux Braydon Coburn Taylor Chorney
Goaltenders
Starting : Marc-André Fleury
Backup : Alex Stalock
Extra Forwards
Normal : Byron Bitz, Claude Giroux, Jordan Staal - PP : Byron Bitz, Evgeni Malkin - PK : Byron Bitz
Extra Defensemen
Normal : Braydon Coburn, Tobias Enstrom, John Klingberg - PP : John Klingberg - PK : Tobias Enstrom, Braydon Coburn
Penalty Shots
Claude Giroux, Fabian Brunnstrom, Rob Schremp, Zac Dalpe, Alexander Frolov
% Time on Ice - Bruins
Lines # - Real PCT - Wanted PCT - Time Play
Normal Forward
1 - 32% - 40% - 16:13
2 - 34% - 30% - 17:41
3 - 26% - 20% - 13:28
4 - 8% - 10% - 4:06
Normal Defense
1 - 34% - 40% - 17:43
2 - 30% - 30% - 15:31
3 - 28% - 20% - 14:29
4 - 7% - 10% - 3:45
PP Forward
1 - 54% - 60% - 2:08
2 - 46% - 40% - 1:50
PP Defense
1 - 58% - 60% - 2:18
2 - 42% - 40% - 1:40
PK Forward
1 - 96% - 60% - 4:24
2 - 4% - 40% - 0:10
PK Defense
1 - 73% - 60% - 3:19
2 - 27% - 40% - 1:15
PK3 Forward
1 - 0% - 60%
2 - 0% - 40%
PK3 Defense
1 - 0% - 60%
2 - 0% - 40%
44 Forward
1 - 0% - 60%
2 - 0% - 40%
44 Defense
1 - 0% - 60%
2 - 0% - 40%
Last Minute Offensive - 0:00
Last Minute Defensive - 0:00
Total
Forward - 60:00
Defense - 60:00
|
% Time on Ice - Maple Leafs
Lines # - Real PCT - Wanted PCT - Time Play
Normal Forward
1 - 29% - 40% - 14:44
2 - 34% - 30% - 17:41
3 - 25% - 20% - 12:53
4 - 12% - 10% - 6:10
Normal Defense
1 - 31% - 40% - 16:08
2 - 32% - 30% - 16:19
3 - 26% - 20% - 13:21
4 - 11% - 10% - 5:40
PP Forward
1 - 60% - 60% - 2:45
2 - 40% - 40% - 1:49
PP Defense
1 - 68% - 60% - 3:06
2 - 32% - 40% - 1:28
PK Forward
1 - 88% - 60% - 3:30
2 - 12% - 40% - 0:28
PK Defense
1 - 59% - 60% - 2:20
2 - 41% - 40% - 1:38
PK3 Forward
1 - 0% - 60%
2 - 0% - 40%
PK3 Defense
1 - 0% - 60%
2 - 0% - 40%
44 Forward
1 - 0% - 60%
2 - 0% - 40%
44 Defense
1 - 0% - 60%
2 - 0% - 40%
Last Minute Offensive - 0:00
Last Minute Defensive - 0:00
Total
Forward - 60:00
Defense - 60:00
|
Play by Play
1st period
0:01 of 1st period - Evgeni Malkin wins face-off versus Henrik Sedin in neutral zone.
0:10 of 1st period - Snap shot by Claude Giroux.
0:10 of 1st period - Deflect By Alexander Frolov.
0:10 of 1st period - Shot Misses the Net.
0:10 of 1st period - Puck is out of play.
0:11 of 1st period - Daymond Langkow wins face-off versus Jordan Staal in Bruins zone.
0:16 of 1st period - Slapshot by Matt Cooke.
0:16 of 1st period - Deflect By Daymond Langkow.
0:16 of 1st period - Shot Misses the Net.
0:16 of 1st period - Puck is out of play.
0:17 of 1st period - Jordan Staal wins face-off versus Matt Cooke in Maple Leafs zone.
0:45 of 1st period - Snap shot by Jordan Staal.
0:45 of 1st period - Goal by Jordan Staal - Bruins : 0 - Maple Leafs : 1.
0:46 of 1st period - Alexander Frolov wins face-off versus Henrik Sedin in neutral zone.
0:49 of 1st period - Victor Oreskovich is hit by Claude Giroux and loses puck.
1:14 of 1st period - Snap shot by Justin Abdelkader.
1:14 of 1st period - Shot Blocked by Keaton Ellerby.
1:16 of 1st period - Slapshot by John Klingberg.
1:16 of 1st period - Stopped by Roberto Luongo with a rebound.
1:42 of 1st period - Wrist shot by Alexander Frolov.
1:42 of 1st period - Shot Blocked by Matt Cooke.
1:54 of 1st period - Daymond Langkow is hit by Marc-Édouard Vlasic.
2:24 of 1st period - Slapshot by Dave Bolland.
2:24 of 1st period - Shot Misses the Net.
3:21 of 1st period - Slapshot by Justin Abdelkader.
3:21 of 1st period - Stopped by Roberto Luongo with a rebound.
3:23 of 1st period - Slapshot by Braydon Coburn.
3:23 of 1st period - Shot Misses the Net.
3:25 of 1st period - Slapshot by Braydon Coburn.
3:25 of 1st period - Shot Misses the Net.
3:27 of 1st period - Slapshot by Braydon Coburn.
3:27 of 1st period - Shot Blocked by Victor Oreskovich.
4:38 of 1st period - Wrist shot by Justin Abdelkader.
4:38 of 1st period - Stopped by Roberto Luongo with a rebound.
5:38 of 1st period - Snap shot by Justin Abdelkader.
5:38 of 1st period - Stopped by Roberto Luongo without a rebound.
5:39 of 1st period - Rob Schremp wins face-off versus Dave Bolland in Bruins zone.
6:46 of 1st period - Slapshot by Alexander Frolov.
6:46 of 1st period - Shot Blocked by Nate Prosser.
6:52 of 1st period - Keaton Ellerby is hit by Alexander Frolov and loses puck.
6:59 of 1st period - Braydon Coburn is hit by Keaton Ellerby and loses puck.
7:12 of 1st period - Wrist shot by Byron Bitz.
7:12 of 1st period - Shot Misses the Net.
7:24 of 1st period - Snap shot by Justin Abdelkader.
7:24 of 1st period - Deflect By Blake Comeau.
7:24 of 1st period - Stopped by Roberto Luongo without a rebound.
7:25 of 1st period - Rob Schremp wins face-off versus Dave Bolland in Bruins zone.
7:32 of 1st period - Backhand shot by Blake Comeau.
7:32 of 1st period - Goal by Blake Comeau - Bruins : 0 - Maple Leafs : 2.
7:33 of 1st period - Evgeni Malkin wins face-off versus Wojtek Wolski in neutral zone.
8:00 of 1st period - Tobias Enstrom is hit by Matt Cooke and loses puck.
8:43 of 1st period - Wrist shot by Justin Abdelkader.
8:43 of 1st period - Stopped by Roberto Luongo with a rebound.
8:45 of 1st period - Wrist shot by Rob Schremp.
8:45 of 1st period - Stopped by Roberto Luongo with a rebound.
9:33 of 1st period - Evgeni Malkin is hit by Daymond Langkow.
10:48 of 1st period - Off-side.
10:49 of 1st period - Daymond Langkow wins face-off versus Evgeni Malkin in neutral zone.
10:54 of 1st period - Evgeni Malkin is hit by Justin Falk and loses puck.
11:15 of 1st period - Jordan Staal is hit by Viktor Stalberg.
11:59 of 1st period - Snap shot by Claude Giroux.
11:59 of 1st period - Deflect By Alexander Frolov.
11:59 of 1st period - Shot Misses the Net.
11:59 of 1st period - Puck is out of play.
12:00 of 1st period - Daymond Langkow wins face-off versus Evgeni Malkin in Bruins zone.
12:00 of 1st period - Daymond Langkow is hit by Evgeni Malkin.
12:10 of 1st period - Snap shot by Claude Giroux.
12:10 of 1st period - Stopped by Roberto Luongo without a rebound.
12:11 of 1st period - Jordan Staal wins face-off versus Henrik Sedin in Bruins zone.
12:14 of 1st period - Snap shot by Jordan Staal.
12:14 of 1st period - Stopped by Roberto Luongo with a rebound.
12:16 of 1st period - Wrist shot by Jordan Staal.
12:16 of 1st period - Shot Misses the Net.
12:32 of 1st period - Minor Penalty to Andrew Alberts for Tripping.
12:33 of 1st period - Wojtek Wolski wins face-off versus Evgeni Malkin in Bruins zone.
13:06 of 1st period - Snap shot by Tobias Enstrom.
13:06 of 1st period - Deflect By Jason Demers.
13:06 of 1st period - Stopped by Roberto Luongo with a rebound.
13:08 of 1st period - Wrist shot by Byron Bitz.
13:08 of 1st period - Goal by Byron Bitz - Bruins : 0 - Maple Leafs : 3.
13:09 of 1st period - Henrik Sedin wins face-off versus Evgeni Malkin in neutral zone.
13:14 of 1st period - Marc-Édouard Vlasic is hit by Victor Oreskovich and loses puck.
13:35 of 1st period - Victor Oreskovich is hit by Blake Comeau.
13:41 of 1st period - Marc-Édouard Vlasic is hit by Ryan O'Byrne and loses puck.
13:52 of 1st period - Snap shot by Henrik Sedin.
13:52 of 1st period - Shot Misses the Net.
13:54 of 1st period - Slapshot by Ryan O'Byrne.
13:54 of 1st period - Shot Misses the Net.
13:56 of 1st period - Slapshot by Ryan O'Byrne.
13:56 of 1st period - Shot Blocked by Tobias Enstrom.
14:04 of 1st period - Snap shot by Wojtek Wolski.
14:04 of 1st period - Stopped by Marc-André Fleury with a rebound.
14:06 of 1st period - Snap shot by Victor Oreskovich.
14:06 of 1st period - Shot Misses the Net.
14:08 of 1st period - Snap shot by Wojtek Wolski.
14:08 of 1st period - Goal by Wojtek Wolski - Bruins : 1 - Maple Leafs : 3.
14:09 of 1st period - Daymond Langkow wins face-off versus Claude Giroux in neutral zone.
14:20 of 1st period - Snap shot by Daymond Langkow.
14:20 of 1st period - Shot Blocked by Braydon Coburn.
14:26 of 1st period - Justin Schultz is hit by Matt Cooke.
14:44 of 1st period - Snap shot by Fabian Brunnstrom.
14:44 of 1st period - Shot Misses the Net.
14:46 of 1st period - Wrist shot by Fabian Brunnstrom.
14:46 of 1st period - Shot Blocked by Erik Condra.
14:48 of 1st period - Backhand shot by Braydon Coburn.
14:48 of 1st period - Stopped by Roberto Luongo without a rebound.
14:49 of 1st period - Rob Schremp wins face-off versus Henrik Sedin in Bruins zone.
15:16 of 1st period - Evgeni Malkin is hit by Ryan O'Byrne and loses puck.
15:55 of 1st period - Byron Bitz is hit by Wojtek Wolski and loses puck.
16:30 of 1st period - Snap shot by Byron Bitz.
16:30 of 1st period - Stopped by Roberto Luongo with a rebound.
16:32 of 1st period - Wrist shot by Fabian Brunnstrom.
16:32 of 1st period - Stopped by Roberto Luongo without a rebound.
16:33 of 1st period - Daymond Langkow wins face-off versus Evgeni Malkin in Bruins zone.
18:24 of 1st period - Blake Comeau is hit by Keaton Ellerby and loses puck.
Goals for this period are 1 for Bruins vs 3 for Maple Leafs.
Shots for this period are 2 for Bruins vs 16 for Maple Leafs.
2nd period
0:01 of 2nd period - Henrik Sedin wins face-off versus Claude Giroux in neutral zone.
1:10 of 2nd period - Colby Armstrong is hit by Erik Condra and loses puck.
1:53 of 2nd period - Snap shot by Justin Abdelkader.
1:53 of 2nd period - Stopped by Roberto Luongo with a rebound.
1:55 of 2nd period - Slapshot by Justin Schultz.
1:55 of 2nd period - Deflect By Viktor Stalberg.
1:55 of 2nd period - Stopped by Roberto Luongo with a rebound.
1:57 of 2nd period - Wrist shot by Blake Comeau.
1:57 of 2nd period - Shot Blocked by Mark Stuart.
1:59 of 2nd period - Snap shot by Rob Schremp.
1:59 of 2nd period - Stopped by Roberto Luongo without a rebound.
2:00 of 2nd period - Jordan Staal wins face-off versus Henrik Sedin in Bruins zone.
3:04 of 2nd period - Dainius Zubrus is hit by Colby Armstrong and loses puck.
3:29 of 2nd period - Snap shot by Wojtek Wolski.
3:29 of 2nd period - Stopped by Marc-André Fleury without a rebound.
3:30 of 2nd period - Henrik Sedin wins face-off versus Evgeni Malkin in Maple Leafs zone.
3:33 of 2nd period - Slapshot by Victor Oreskovich.
3:33 of 2nd period - Shot Misses the Net.
3:39 of 2nd period - Slapshot by Victor Oreskovich.
3:39 of 2nd period - Stopped by Marc-André Fleury with a rebound.
3:51 of 2nd period - Minor Penalty to Marc-Édouard Vlasic for Interference.
3:52 of 2nd period - Henrik Sedin wins face-off versus Jordan Staal in Maple Leafs zone.
5:18 of 2nd period - Jamie McBain is hit by Henrik Sedin and loses puck.
5:49 of 2nd period - Mark Stuart is hit by Jamie McBain and loses puck.
5:51 of 2nd period - Penalty to Marc-Édouard Vlasic is over, Marc-Édouard Vlasic is back on ice.
6:54 of 2nd period - Icing by Rob Schremp.
6:55 of 2nd period - Rob Schremp wins face-off versus Dave Bolland in Maple Leafs zone.
6:57 of 2nd period - Icing by Blake Comeau.
6:58 of 2nd period - Henrik Sedin wins face-off versus Rob Schremp in Maple Leafs zone.
7:25 of 2nd period - Slapshot by Braydon Coburn.
7:25 of 2nd period - Shot Misses the Net.
7:59 of 2nd period - Wrist shot by Jordan Staal.
7:59 of 2nd period - Stopped by Roberto Luongo without a rebound.
8:00 of 2nd period - Evgeni Malkin wins face-off versus Henrik Sedin in Bruins zone.
8:52 of 2nd period - Off-side.
8:53 of 2nd period - Jordan Staal wins face-off versus Wojtek Wolski in neutral zone.
9:02 of 2nd period - Snap shot by Byron Bitz.
9:02 of 2nd period - Stopped by Roberto Luongo with a rebound.
9:04 of 2nd period - Snap shot by Byron Bitz.
9:04 of 2nd period - Stopped by Roberto Luongo without a rebound.
9:05 of 2nd period - Jordan Staal wins face-off versus Henrik Sedin in Bruins zone.
9:30 of 2nd period - Wrist shot by Dainius Zubrus.
9:30 of 2nd period - Stopped by Marc-André Fleury without a rebound.
9:31 of 2nd period - Rob Schremp wins face-off versus Daymond Langkow in Maple Leafs zone.
9:46 of 2nd period - Slapshot by John Klingberg.
9:46 of 2nd period - Stopped by Roberto Luongo without a rebound.
9:47 of 2nd period - Henrik Sedin wins face-off versus Evgeni Malkin in Bruins zone.
10:09 of 2nd period - Minor Penalty to Henrik Sedin for Interference.
10:10 of 2nd period - Evgeni Malkin wins face-off versus Wojtek Wolski in Bruins zone.
10:25 of 2nd period - Snap shot by Evgeni Malkin.
10:25 of 2nd period - Stopped by Roberto Luongo without a rebound.
10:26 of 2nd period - Wojtek Wolski wins face-off versus Evgeni Malkin in Bruins zone.
11:26 of 2nd period - Dave Bolland is hit by Byron Bitz and loses puck.
12:09 of 2nd period - Penalty to Henrik Sedin is over, Henrik Sedin is back on ice.
12:19 of 2nd period - Matt Cooke is hit by Justin Abdelkader and loses puck.
12:36 of 2nd period - Wrist shot by Daymond Langkow.
12:36 of 2nd period - Stopped by Marc-André Fleury without a rebound.
12:37 of 2nd period - Zac Dalpe wins face-off versus Henrik Sedin in Maple Leafs zone.
13:01 of 2nd period - Fabian Brunnstrom is hit by Jason Demers.
13:21 of 2nd period - Daymond Langkow is hit by Justin Abdelkader and loses puck.
15:49 of 2nd period - Icing by Daymond Langkow.
15:50 of 2nd period - Daymond Langkow wins face-off versus Rob Schremp in Bruins zone.
16:33 of 2nd period - Alexander Frolov is hit by Matt Cooke and loses puck.
17:00 of 2nd period - Marc-Édouard Vlasic is hit by Wojtek Wolski.
17:30 of 2nd period - Ryan O'Byrne is hit by Tobias Enstrom.
17:42 of 2nd period - Claude Giroux is hit by Jason Demers and loses puck.
18:19 of 2nd period - Off-side.
18:20 of 2nd period - Evgeni Malkin wins face-off versus Matt Cooke in neutral zone.
19:09 of 2nd period - Wrist shot by Viktor Stalberg.
19:09 of 2nd period - Stopped by Marc-André Fleury without a rebound.
19:10 of 2nd period - Henrik Sedin wins face-off versus Jordan Staal in Maple Leafs zone.
19:11 of 2nd period - Wrist shot by Wojtek Wolski.
19:11 of 2nd period - Stopped by Marc-André Fleury with a rebound.
19:15 of 2nd period - Wrist shot by Wojtek Wolski.
19:15 of 2nd period - Shot Misses the Net.
19:17 of 2nd period - Snap shot by Henrik Sedin.
19:17 of 2nd period - Deflect By Wojtek Wolski.
19:17 of 2nd period - Stopped by Marc-André Fleury with a rebound.
19:19 of 2nd period - Snap shot by Henrik Sedin.
19:19 of 2nd period - Shot Blocked by Braydon Coburn.
19:21 of 2nd period - Snap shot by Victor Oreskovich.
19:21 of 2nd period - Stopped by Marc-André Fleury without a rebound.
19:22 of 2nd period - Henrik Sedin wins face-off versus Evgeni Malkin in Maple Leafs zone.
19:31 of 2nd period - Snap shot by Henrik Sedin.
19:31 of 2nd period - Shot Blocked by Marc-Édouard Vlasic.
19:42 of 2nd period - Minor Penalty to Henrik Sedin for Interference.
19:43 of 2nd period - Evgeni Malkin wins face-off versus Wojtek Wolski in Bruins zone.
Goals for this period are 0 for Bruins vs 0 for Maple Leafs.
Shots for this period are 8 for Bruins vs 8 for Maple Leafs.
3rd period
0:01 of 3rd period - Wojtek Wolski wins face-off versus Evgeni Malkin in neutral zone.
0:12 of 3rd period - Viktor Stalberg is hit by Tobias Enstrom and loses puck.
0:33 of 3rd period - Slapshot by Marc-Édouard Vlasic.
0:33 of 3rd period - Stopped by Roberto Luongo without a rebound.
0:34 of 3rd period - Curtis Glencross wins face-off versus Jordan Staal in Bruins zone.
0:47 of 3rd period - Snap shot by Fabian Brunnstrom.
0:47 of 3rd period - Stopped by Roberto Luongo with a rebound.
1:13 of 3rd period - Wrist shot by Claude Giroux.
1:13 of 3rd period - Stopped by Roberto Luongo with a rebound.
1:15 of 3rd period - Slapshot by Alexander Frolov.
1:15 of 3rd period - Shot Blocked by Wojtek Wolski.
1:42 of 3rd period - Penalty to Henrik Sedin is over, Henrik Sedin is back on ice.
1:47 of 3rd period - Slapshot by Henrik Sedin.
1:47 of 3rd period - Shot Misses the Net.
1:50 of 3rd period - Icing by Fabian Brunnstrom.
1:51 of 3rd period - Daymond Langkow wins face-off versus Jordan Staal in Maple Leafs zone.
1:52 of 3rd period - Slapshot by Matt Cooke.
1:52 of 3rd period - Deflect By Dainius Zubrus.
1:52 of 3rd period - Stopped by Marc-André Fleury with a rebound.
2:46 of 3rd period - Alexander Frolov is hit by Keaton Ellerby and loses puck.
4:30 of 3rd period - Daymond Langkow is hit by Colby Armstrong and loses puck.
6:15 of 3rd period - Off-side.
6:16 of 3rd period - Henrik Sedin wins face-off versus Evgeni Malkin in neutral zone.
6:18 of 3rd period - Nate Prosser is hit by Tobias Enstrom and loses puck.
7:44 of 3rd period - Wrist shot by Evgeni Malkin.
7:44 of 3rd period - Shot Misses the Net.
8:01 of 3rd period - Wojtek Wolski is hit by Claude Giroux and loses puck.
8:17 of 3rd period - Jamie McBain is hit by Nate Prosser and loses puck.
8:20 of 3rd period - Slapshot by Jamie McBain.
8:20 of 3rd period - Stopped by Roberto Luongo without a rebound.
8:21 of 3rd period - Daymond Langkow wins face-off versus Jordan Staal in Bruins zone.
8:47 of 3rd period - Marc-Édouard Vlasic is hit by Erik Condra.
8:56 of 3rd period - Minor Penalty to Justin Schultz for Slashing.
8:57 of 3rd period - Henrik Sedin wins face-off versus Jordan Staal in Maple Leafs zone.
8:58 of 3rd period - Slapshot by Wojtek Wolski.
8:58 of 3rd period - Shot Misses the Net.
9:00 of 3rd period - Snap shot by Wojtek Wolski.
9:00 of 3rd period - Shot Misses the Net.
9:02 of 3rd period - Slapshot by Henrik Sedin.
9:02 of 3rd period - Stopped by Marc-André Fleury without a rebound.
9:03 of 3rd period - Jordan Staal wins face-off versus Henrik Sedin in Maple Leafs zone.
10:32 of 3rd period - Jason Demers is hit by Alexander Frolov and loses puck.
10:56 of 3rd period - Penalty to Justin Schultz is over, Justin Schultz is back on ice.
11:12 of 3rd period - Snap shot by Viktor Stalberg.
11:12 of 3rd period - Stopped by Marc-André Fleury with a rebound.
11:24 of 3rd period - Curtis Glencross is hit by Justin Abdelkader and loses puck.
13:05 of 3rd period - Victor Oreskovich is hit by Taylor Chorney.
14:08 of 3rd period - Snap shot by Blake Comeau.
14:08 of 3rd period - Shot Blocked by Jason Demers.
14:30 of 3rd period - Andrew Alberts is hit by Blake Comeau and loses puck.
15:13 of 3rd period - Jamie McBain is hit by Daymond Langkow and loses puck.
15:57 of 3rd period - Curtis Glencross is hit by Taylor Chorney.
16:21 of 3rd period - Jason Demers is hit by Blake Comeau and loses puck.
19:58 of 3rd period - Byron Bitz is hit by Erik Condra and loses puck.
Goals for this period are 0 for Bruins vs 0 for Maple Leafs.
Shots for this period are 3 for Bruins vs 4 for Maple Leafs.
Back to the Top